[Event "Early-Titled-Tuesday-Blitz-February-20-2024"]
[Site "Chess.com"]
[Date "2024.02.20"]
[Round "3"]
[White "Grischuk"]
[Black "Abund"]
[Result "1-0"]
[WhiteElo "3109"]
[BlackElo "2775"]
[TimeControl "180+1"]
[EndTime "8:25:25 PST"]
[Termination "Grischuk won by resignation"]

1. d4 d5 2. Nf3 Nf6 3. Bg5 Ne4 4.
Bh4 c5 5. e3 Nc6 6. Nbd2 Nxd2 7.
Qxd2 Bg4 8. dxc5 Bxf3 9. gxf3 Qd7 10. O-O-O e6 11. c4 Ne5 12. cxd5 Bxc5 13. dxe6 Qxe6 14.
Qd8+ 1-0

[Event "Early-Titled-Tuesday-Blitz-February-20-2024"]
[Site "Chess.com"]
[Date "2024.02.20"]
[Round "3"]
[White "zajka-molotok"]
[Black "DuleMudule"]
[Result "0-1"]
[WhiteElo "2500"]
[BlackElo "2846"]
[TimeControl "180+1"]
[EndTime "8:25:34 PST"]
[Termination "DuleMudule won by resignation"]

1. d4 d5 2. c4 Bf5 3. cxd5 Bxb1 4. Rxb1 Qxd5 5. Qa4+ Nc6 6. e3 e5 7. Nf3 Bb4+ 8. Bd2 Bxd2+ 9. Nxd2 exd4 10. Bb5 Qxg2 11.
Bxc6+ bxc6 12. Rf1 dxe3 13. fxe3 Nf6 14. Qb4 Rd8 15. Nf3 Rd6 16. Qb8+ Rd8 17. Qb4 Qg4 18. Qc5 Rd6 19. Qxa7 O-O 20. Qxc7 Re6 21. Ke2 Rxe3+ 22.
Kxe3 Nd5+ 0-1

[Event "Early-Titled-Tuesday-Blitz-February-20-2024"]
[Site "Chess.com"]
[Date "2024.02.20"]
[Round "3"]
[White "HittingRookBottom"]
[Black "Grande_Strategia"]
[Result "0-1"]
[WhiteElo "2050"]
[BlackElo "2529"]
[TimeControl "180+1"]
[EndTime "8:25:40 PST"]
[Termination "Grande_Strategia won by resignation"]

1. e4 f6 2. Nf3 Kf7 3. d4 g6 4. Bc4+ e6 5. e5 Bh6 6. exf6 Qxf6 7. Bxh6 Nxh6 8. Ne5+ Kg7 9. O-O d6 10. Ng4 Nxg4 11.
Qxg4 Nc6 12. c3 e5 13. Qd1 exd4 14. cxd4 Qxd4 15. Qxd4+ Nxd4 16. Nc3 Be6 17. Bxe6 Nxe6 18. Rfe1 Rhe8 19. Nb5 a6 20. Rxe6 axb5 21. Rxe8 Rxe8 22. Kf1 Kf6 23. Rc1 c6 24. Rc3 d5 25. f3 Ra8 26. a3 Ra4 27. Kf2 Rc4 28. Re3 Rc2+ 29.
Re2 Rc4 30. Re8 b4 31. b3 Rc2+ 32. Kg3 bxa3 33. Ra8 a2 34. Ra7 d4 35. Kf4 Rxg2 36. Ke4 c5 37. Kd3 Rxh2 38. Ra5 b6 39. Ra6 Kg5 40.
Ra8 h5 41. b4 cxb4 42. Kxd4 b3 43. Kc4 b2 0-1

[Event "Early-Titled-Tuesday-Blitz-February-20-2024"]
[Site "Chess.com"]
[Date "2024.02.20"]
[Round "3"]
[White "UnTucopalaTimba"]
[Black "Me_ch_an"]
[Result "0-1"]
[WhiteElo "1991"]
[BlackElo "2330"]
[TimeControl "180+1"]
[EndTime "8:25:41 PST"]
[Termination "Me_ch_an won by resignation"]

1. e4 c5 2. Nf3 Nc6 3. d4 cxd4 4.
Nxd4 Qb6 5. Nb3 Nf6 6. Nc3 e6 7. a3 a6 8. Be2 Be7 9. O-O O-O 10. Be3 Qc7 11. Qd2 b5 12. Rad1 b4 13. axb4 Bxb4 14. Bf3 Ne5 15. Bf4 d6 16. Bxe5 dxe5 17. Qe3 Bxc3 18.
bxc3 Bd7 19. Rd2 Rfc8 20. Rfd1 Bb5 21. Qg5 h6 22. Qg3 Qxc3 23. h3 a5 24. Nc1 a4 25.
Nd3 a3 26. Nxe5 a2 0-1

[Event "Early-Titled-Tuesday-Blitz-February-20-2024"]
[Site "Chess.com"]
[Date "2024.02.20"]
[Round "3"]
[White "mestrefeitosa19"]
[Black "SHIVACalypso"]
[Result "0-1"]
[WhiteElo "2234"]
[BlackElo "2508"]
[TimeControl "180+1"]
[EndTime "8:25:42 PST"]
[Termination "SHIVACalypso won by checkmate"]

1. c4 e5 2. Nc3 Nc6 3. Nf3 Nf6 4.
e3 d5 5. d4 e4 6. cxd5 exf3 7.
dxc6 bxc6 8. Qxf3 Nd5 9. Bc4 Be6 10. Nxd5 Bxd5 11. Bxd5 Bb4+ 12. Bd2 Bxd2+ 13. Kxd2 cxd5 14. Rac1 Qd6 15. Rc3 O-O 16. Rhc1 Rab8 17. R1c2 Rfc8 18. Qg3 Qb4 19. Kc1 a5 20. a3 Qb5 21. Rxc7 Rxc7 22.
Qxc7 Qf1+ 23. Kd2 Qxf2+ 24. Kc1 Qe1# 0-1

[Event "Early-Titled-Tuesday-Blitz-February-20-2024"]
[Site "Chess.com"]
[Date "2024.02.20"]
[Round "3"]
[White "HeroWilczek"]
[Black "wqws"]
[Result "0-1"]
[WhiteElo "2474"]
[BlackElo "2682"]
[TimeControl "180+1"]
[EndTime "8:25:45 PST"]
[Termination "wqws won by resignation"]

1. Nf3 Nf6 2. e3 g6 3. c4 Bg7 4. Nc3 O-O 5. Be2 c5 6. O-O b6 7.
b3 Bb7 8. Bb2 d5 9. Rc1 d4 10.
Nd5 Nxd5 11. cxd5 d3 12. Bxg7 dxe2 13. Qxe2 Kxg7 14. e4 Nd7 15. d4 a5 16. Rfd1 a4 17.
Qb2 axb3 18. dxc5+ Kg8 19. c6 Nc5 20. cxb7 Rxa2 21.
Qe5 Ra7 22. d6 Rxb7 23. h4 Rd7 24. h5 Rxd6 25. Rd5 Rxd5 26. exd5 Nd3 27. Qc3 Nxc1 28. Qxc1 Qxd5 29. h6 f6 0-1

[Event "Early-Titled-Tuesday-Blitz-February-20-2024"]
[Site "Chess.com"]
[Date "2024.02.20"]
[Round "3"]
[White "LeoLV10"]
[Black "ElephantChessGenius"]
[Result "0-1"]
[WhiteElo "2496"]
[BlackElo "2324"]
[TimeControl "180+1"]
[EndTime "8:25:49 PST"]
[Termination "ElephantChessGenius won by resignation"]

1. e4 c5 2. Nf3 Nc6 3. Bb5 g5 4. h3 Bg7 5. O-O Nd4 6. Nxd4 cxd4 7. c3 h5 8. d3 g4 9. hxg4 a6 10. Ba4 b5 11. Bb3 d6 12. gxh5 Nf6 13. Bg5 Bg4 14.
Qe1 Rxh5 15. Bf4 Qd7 16. Bg3 Bf3 17. Nd2 Rh1+ 18. Kxh1 Qh3+ 0-1

[Event "Early-Titled-Tuesday-Blitz-February-20-2024"]
[Site "Chess.com"]
[Date "2024.02.20"]
[Round "3"]
[White "carloseduar100"]
[Black "SaiAgni_98"]
[Result "0-1"]
[WhiteElo "2334"]
[BlackElo "2572"]
[TimeControl "180+1"]
[EndTime "8:25:54 PST"]
[Termination "SaiAgni_98 won by resignation"]

1. e4 c6 2. Nf3 d5 3. Nc3 dxe4 4. Nxe4 Nf6 5. Nxf6+ exf6 6. d4 Bd6 7. c3 O-O 8.
Bd3 Re8+ 9. Be3 Nd7 10. O-O Nf8 11.
Re1 h5 12. h3 Bc7 13. Qb3 Qd6 14. Rad1 Be6 15. Bc4 Bd5 16. Bxd5 cxd5 17. Qxb7 Reb8 18. Qxa8 Rxa8 19. Re2 Qa6 20. Rde1 Qxa2 21. Nh4 Ne6 22. Nf5 Rb8 23. Bc1 Kf8 24. Ne3 Nf4 25. Rd2 Re8 26. Red1 Qb1 27. Kh2 Ne2+ 0-1

[Event "Early-Titled-Tuesday-Blitz-February-20-2024"]
[Site "Chess.com"]
[Date "2024.02.20"]
[Round "3"]
[White "Pikku_Myy73"]
[Black "WindWhistler11"]
[Result "0-1"]
[WhiteElo "2201"]
[BlackElo "2482"]
[TimeControl "180+1"]
[EndTime "8:25:55 PST"]
[Termination "WindWhistler11 won by resignation"]

1. d4 Nf6 2. c4 e6 3. Nf3 c5 4.
d5 exd5 5. cxd5 Bd6 6. Nc3 O-O 7.
e3 Re8 8. Be2 Bc7 9. O-O d6 10.
a4 a6 11. Nd2 Nbd7 12. Nc4 Rb8 13. a5 Nf8 14. Bd3 Bd7 15. e4 Bb5 16. Re1 Bxc4 17. Bxc4 Bxa5 18. Bd3 Ng6 19. Qa4 Bxc3 20. bxc3 Nxd5 21.
Qb3 Ndf4 22. Bc4 Qf6 23. Ra2 b5 24. Bf1 d5 25. g3 c4 26. Qd1 Nd3 27. Bxd3 cxd3 28.
Qxd3 Ne5 0-1

[Event "Early-Titled-Tuesday-Blitz-February-20-2024"]
[Site "Chess.com"]
[Date "2024.02.20"]
[Round "3"]
[White "GAusal"]
[Black "PavelShkapenko"]
[Result "0-1"]
[WhiteElo "2299"]
[BlackElo "2714"]
[TimeControl "180+1"]
[EndTime "8:26:01 PST"]
[Termination "PavelShkapenko won by resignation"]

1. d4 d5 2. Nf3 c6 3. Bf4 Bf5 4. e3 e6 5. Bd3 Bg6 6. h3 Nd7 7. Nbd2 Ngf6 8. Ne5 Be7 9. Nxg6 hxg6 10. c3 O-O 11.
Nf3 c5 12. Ne5 Nxe5 13. Bxe5 Bd6 14. Bxd6 Qxd6 15. O-O e5 16. dxe5 Qxe5 17. Bc2 Rfd8 18. Qf3 Rd6 19. Rad1 Rb6 20. b3 Qxc3 21. Bb1 Qe5 22.
Rc1 Rc6 23. Rfd1 a5 24. Bd3 b6 25. Bb5 Rd6 26. a4 Rad8 27. Rd2 Ne4 28. Rdc2 Rf6 29. Qg4 Qf5 30. Qxf5 gxf5 31. Rd1 f4 32. exf4 Rxf4 33. Bd3 Nf6 34. g3 Rd4 35. Be2 Rxd1+ 36.
Bxd1 Re8 37. f4 Re1+ 38. Kf2 Rxd1 0-1

[Event "Early-Titled-Tuesday-Blitz-February-20-2024"]
[Site "Chess.com"]
[Date "2024.02.20"]
[Round "3"]
[White "Agentxya"]
[Black "arturdailima"]
[Result "1-0"]
[WhiteElo "2196"]
[BlackElo "2374"]
[TimeControl "180+1"]
[EndTime "8:26:02 PST"]
[Termination "Agentxya won by resignation"]

1. e4 c6 2. d4 d5 3. e5 Bf5 4. Nf3 e6 5. Be2 Nd7 6. O-O Ne7 7. Nbd2 h6 8. Nb3 Bg6 9. Bd2 Nf5 10. Rc1 Be7 11. c4 Nb6 12. Ba5 Qd7 13.
c5 Nc8 14. g4 Nh4 15. Nxh4 Bxh4 16. f4 Be4 17. Bf3 Bxf3 18. Qxf3 f5 19. gxf5 exf5 20. Qh5+ Qf7 21. Qxh4 O-O 22. Kh1 Ne7 23. Rg1 Rfe8 24. Qxh6 Kf8 25. Qh8+ Ng8 26. Rc2 Re6 27.
Rcg2 Rh6 28. Qxg7+ Qxg7 29. Rxg7 b6 30. Rxg8+ 1-0

[Event "Early-Titled-Tuesday-Blitz-February-20-2024"]
[Site "Chess.com"]
[Date "2024.02.20"]
[Round "3"]
[White "Lion-Al-Messi"]
[Black "VladimirBugayev"]
[Result "1-0"]
[WhiteElo "2543"]
[BlackElo "2261"]
[TimeControl "180+1"]
[EndTime "8:26:06 PST"]
[Termination "Lion-Al-Messi won by checkmate"]

1. e4 c6 2. Nf3 d5 3. Nc3 dxe4 4. Nxe4 Nf6 5. Nxf6+ exf6 6. Bc4 Bd6 7. Qe2+ Be7 8.
O-O O-O 9. d4 Bd6 10. Re1 Na6 11. Bb3 Nc7 12. c4 Re8 13. Be3 Bg4 14. h3 Bh5 15. g4 Bg6 16. Nh4 Be4 17. Rad1 f5 18. Nxf5 Bxf5 19. gxf5 Qf6 20. Qg4 h6 21. c5 Bf8 22.
Bf4 Rxe1+ 23. Rxe1 Nd5 24. Be5 Qd8 25. Kh1 b6 26.
Rg1 f6 27. Bd6 g5 28. fxg6 Bxd6 29. Qe6+ Kh8 30. g7+ Kh7 31. Bc2+ f5 32. Bxf5# 1-0

[Event "Early-Titled-Tuesday-Blitz-February-20-2024"]
[Site "Chess.com"]
[Date "2024.02.20"]
[Round "3"]
[White "MaxLeto"]
[Black "A-Fier"]
[Result "0-1"]
[WhiteElo "2571"]
[BlackElo "2799"]
[TimeControl "180+1"]
[EndTime "8:26:07 PST"]
[Termination "A-Fier won on time"]

1. g4 Nf6 2. g5 Ne4 3. d3 Nc5 4. d4 Ne6 5. d5 Nc5 6. b4 Ne4 7. Bg2 Nd6 8. e4 e6 9. Ne2 a5 10. bxa5 Rxa5 11. Qd4 b6 12. h4 Ba6 13. Nd2 h6 14. Nb3 c5 15. Qe5 Ra4 16. Bf4 Bxe2 17. Kxe2 Na6 18. gxh6 Rg8 19. h7 Rh8 20. Qh5 Nxe4 21.
Rhe1 Nf6 0-1

[Event "Early-Titled-Tuesday-Blitz-February-20-2024"]
[Site "Chess.com"]
[Date "2024.02.20"]
[Round "3"]
[White "TitarovVasiliYouTube"]
[Black "Hikaru"]
[Result "0-1"]
[WhiteElo "2525"]
[BlackElo "3266"]
[TimeControl "180+1"]
[EndTime "8:26:11 PST"]
[Termination "Hikaru won by resignation"]

1. Nf3 g6 2. g3 Bg7 3. Bg2 d6 4. O-O Bd7 5. e4 Qc8 6. d4 Bh3 7. Nc3 Nc6 8. Be3 h5 9. d5 Ne5 10. Nxe5 Bxe5 11. Bd4 h4 12. Bxe5 dxe5 13. Qf3 hxg3 14.
fxg3 Nf6 15. Bxh3 Qxh3 16. Qg2 Ng4 17. Qxh3 Rxh3 18. Nd1 Nxh2 19. Rf2 Ng4 20. Rg2 f5 21. Nf2 Nxf2 22. Kxf2 Kf7 23. Rf1 Kf6 24. Ke3 Rah8 25. c4 R8h5 26. b4 Rg5 27. Rf3 Rg4 28. exf5 gxf5 29. Rgf2 Rhxg3 0-1

[Event "Early-Titled-Tuesday-Blitz-February-20-2024"]
[Site "Chess.com"]
[Date "2024.02.20"]
[Round "3"]
[White "EdmundPlayer"]
[Black "azikom"]
[Result "1-0"]
[WhiteElo "2312"]
[BlackElo "2662"]
[TimeControl "180+1"]
[EndTime "8:26:22 PST"]
[Termination "EdmundPlayer won by checkmate"]

1. Nf3 c5 2. e4 g6 3. c3 Bg7 4. d4 cxd4 5. cxd4 d5 6. e5 Nh6 7. Be2 O-O 8. Nbd2 Nc6 9. O-O f6 10. exf6 exf6 11. Re1 Nf5 12. Nf1 Be6 13. Ng3 Nxg3 14.
hxg3 Bf7 15. Be3 Qd7 16. Qd2 Rfe8 17. Bb5 a6 18. Bxc6 Qxc6 19. Bh6 Bh8 20. Rxe8+ Rxe8 21. Re1 Re4 22. Rc1 Qd7 23. Qa5 Re7 24. Qb6 g5 25.
Re1 Rxe1+ 26. Nxe1 Bg6 27. Qa7 Qc8 28. Qb6 Kf7 29.
Qd6 Qe6 30. Qf8# 1-0

[Event "Early-Titled-Tuesday-Blitz-February-20-2024"]
[Site "Chess.com"]
[Date "2024.02.20"]
[Round "3"]
[White "ActorXu"]
[Black "CarlosjPineror"]
[Result "1-0"]
[WhiteElo "2816"]
[BlackElo "2581"]
[TimeControl "180+1"]
[EndTime "8:26:30 PST"]
[Termination "ActorXu won by resignation"]

1. e4 c5 2. Nf3 e6 3. d4 cxd4 4. Nxd4 a6 5. c4 Qc7 6. Nc3 Nf6 7. a3 b6 8. Be3 Bb7 9. f3 Be7 10. Rc1 O-O 11. Be2 d6 12. O-O Nbd7 13. b4 Rac8 14. Kh1 Qb8 15. Rc2 Bd8 16. Qb1 Bc7 17. Rfc1 Rfe8 18.
Na4 Qa8 19. Bg1 Nh5 20. Bf1 Nhf6 21. Nb3 Bc6 22. Nc3 Bb7 23. Rd1 Red8 24. a4 Bb8 25.
a5 bxa5 26. Nxa5 Ne5 27. c5 dxc5 28. Rxd8+ Rxd8 29. bxc5 Bc8 30. Na4 Bc7 31. Nb6 Qb8 32. Rb2 Qa7 33. f4 Ng6 34. Nc6 Qb7 35. Nxd8 Bxd8 36.
Nxc8 Qxc8 37. Rb8 Qc7 38. Qb6 Nf8 39. Rxd8 Qxf4 40. Qd6 1-0

[Event "Early-Titled-Tuesday-Blitz-February-20-2024"]
[Site "Chess.com"]
[Date "2024.02.20"]
[Round "3"]
[White "FREDERICKtheMATE"]
[Black "Polish_fighter3000"]
[Result "0-1"]
[WhiteElo "2679"]
[BlackElo "3051"]
[TimeControl "180+1"]
[EndTime "8:26:32 PST"]
[Termination "Polish_fighter3000 won by resignation"]

1. d4 b5 2. e4 Bb7 3. Bxb5 Bxe4 4. Nf3 e6 5. c4 Nf6 6. O-O Be7 7.
Nc3 Bb7 8. d5 c6 9. dxc6 Nxc6 10. Re1 O-O 11. Bf4 Rc8 12. Bd6 Na5 13. c5 Bxd6 14. Qxd6 Bxf3 15. gxf3 Nb7 16. Qa6 Nxc5 17. Qxa7 Nh5 18. Re5 d6 19. Rxh5 Ra8 20. Qxa8 Qxa8 21. Kg2 g6 22. Rh4 Rb8 23. a4 Nb3 24. Rd1 d5 25. Rb4 Na5 26. Rbd4 Rc8 27. h4 h5 28.
Rf4 Qb8 29. Rfd4 Nc6 30. R4d2 Ne7 31. Ne2 Nf5 32. Kh3 Nxh4 33. Kxh4 Qh2+ 34. Kg5 Kg7 35. Ng3 e5 0-1

[Event "Early-Titled-Tuesday-Blitz-February-20-2024"]
[Site "Chess.com"]
[Date "2024.02.20"]
[Round "3"]
[White "GMAkobianSTL"]
[Black "cthake"]
[Result "1-0"]
[WhiteElo "2805"]
[BlackElo "1765"]
[TimeControl "180+1"]
[EndTime "8:26:32 PST"]
[Termination "GMAkobianSTL won by resignation"]

1. d4 Nf6 2. c4 e6 3. Nc3 Bb4 4. Qc2 d5 5. a3 Bxc3+ 6. Qxc3 O-O 7. Nf3 Ne4 8. Qc2 c6 9. Bf4 Nd7 10. e3 Re8 11. Bd3 f5 12. O-O a5 13. h3 g5 14.
Bh2 Qf6 15. Ne5 Nxe5 16. Bxe5 Qg6 17. f3 Nf6 18. cxd5 cxd5 19. Qc7 Nd7 20. Bd6 Qf7 21. Rac1 Nf6 22. Qb6 Nd7 23. Qb5 e5 24. Rc7 Qe6 25. dxe5 Nxe5 26. Bxe5 Qxe5 27. Rfc1 Qxe3+ 28. Kh1 Ra6 29. Qxe8+ Qxe8 30. Rxc8 1-0

[Event "Early-Titled-Tuesday-Blitz-February-20-2024"]
[Site "Chess.com"]
[Date "2024.02.20"]
[Round "3"]
[White "Rud_2008"]
[Black "margarita_2703"]
[Result "1-0"]
[WhiteElo "2731"]
[BlackElo "2379"]
[TimeControl "180+1"]
[EndTime "8:26:34 PST"]
[Termination "Rud_2008 won by resignation"]

1. e4 e5 2. Nf3 Nc6 3. Bc4 Nf6 4. d3 h6 5. a4 d6 6. c3 g6 7. Nbd2 Bg7 8. a5 O-O 9. O-O d5 10. exd5 Nxd5 11. Re1 Bg4 12. h3 Be6 13. Ne4 Qe7 14. Qb3 Rfd8 15. Qxb7 Qd7 16. Nc5 Qd6 17. Nxe6 fxe6 18.
Qb3 Rab8 19. Qc2 Qc5 20. b4 Qd6 21. Bd2 Rf8 22. Nh2 Rbe8 23. Re2 Nce7 24. Rae1 Nf5 25. Ng4 Nf4 26. Bxf4 exf4 27. Rxe6 Rxe6 28. Rxe6 1-0

[Event "Early-Titled-Tuesday-Blitz-February-20-2024"]
[Site "Chess.com"]
[Date "2024.02.20"]
[Round "3"]
[White "ketster"]
[Black "Supergiuly"]
[Result "1-0"]
[WhiteElo "2569"]
[BlackElo "2325"]
[TimeControl "180+1"]
[EndTime "8:26:35 PST"]
[Termination "ketster won by resignation"]

1. Nf3 b6 2. c4 Bb7 3. g3 g6 4.
Bg2 Bg7 5. O-O e6 6. d4 Ne7 7.
Nc3 O-O 8. e4 d6 9. Be3 c5 10.
d5 exd5 11. cxd5 f5 12. Ng5 Bc8 13. exf5 Nxf5 14. Ne6 Qe7 15. Nxf8 Nxe3 16. fxe3 Qxe3+ 17. Kh1 Bxf8 18. Qc2 Bf5 19. Rxf5 gxf5 20. Qxf5 Na6 21. Rf1 Qe7 22. Ne4 Bg7 23. Ng5 Be5 24. Qg4 Nc7 25. Rf7 Qxf7 26. Nxf7+ Kxf7 27. Qd7+ Kg6 28. Be4+ Kg5 29.
Qxc7 Kg4 30. Qxh7 1-0

[Event "Early-Titled-Tuesday-Blitz-February-20-2024"]
[Site "Chess.com"]
[Date "2024.02.20"]
[Round "3"]
[White "Louis-Paulsen-Fan"]
[Black "Nouali_Mohamed"]
[Result "0-1"]
[WhiteElo "2210"]
[BlackElo "2544"]
[TimeControl "180+1"]
[EndTime "8:26:35 PST"]
[Termination "Nouali_Mohamed won by resignation"]

1. d4 Nf6 2. Nf3 g6 3. c4 Bg7 4. Nc3 O-O 5. e4 d6 6. Be2 c5 7. d5 a6 8. a4 e5 9. dxe6 Bxe6 10. Bg5 h6 11. Bh4 Nc6 12. O-O Re8 13. h3 Qb6 14.
Qd2 Na5 15. Qc2 Nxc4 16. b3 Na5 17. Rab1 Bxb3 18. Qd2 Nxe4 19. Nxe4 Rxe4 20. Bg3 d5 21. Bd3 Rb4 22. Be5 Nc4 23. Bxc4 Bxc4 24. Rxb4 Qxb4 25.
Rc1 Qxd2 26. Nxd2 Bxe5 0-1

[Event "Early-Titled-Tuesday-Blitz-February-20-2024"]
[Site "Chess.com"]
[Date "2024.02.20"]
[Round "3"]
[White "NovoselovRoman"]
[Black "NovakRatko"]
[Result "1-0"]
[WhiteElo "2542"]
[BlackElo "2366"]
[TimeControl "180+1"]
[EndTime "8:26:35 PST"]
[Termination "NovoselovRoman won by resignation"]

1. d4 d5 2. Bf4 c5 3. e3 cxd4 4. exd4 Nc6 5. c3 f6 6. Nf3 Bg4 7. Nbd2 e5 8. dxe5 fxe5 9. Bg3 e4 10. h3 Bh5 11. Bh4 exf3 12. Bxd8 Rxd8 13. Nxf3 Nf6 14. Be2 Bc5 15. O-O O-O 16. Qb3 Rd7 17. Rad1 Re8 18. Rfe1 h6 19. g4 Bf7 20. Bd3 Red8 21. Bf5 Rc7 22. Nd4 Bxd4 23. cxd4 Rdd7 24. Bxd7 1-0

[Event "Early-Titled-Tuesday-Blitz-February-20-2024"]
[Site "Chess.com"]
[Date "2024.02.20"]
[Round "3"]
[White "pedro_nascimento85"]
[Black "NewYearGirl"]
[Result "0-1"]
[WhiteElo "2113"]
[BlackElo "2366"]
[TimeControl "180+1"]
[EndTime "8:26:40 PST"]
[Termination "NewYearGirl won by resignation"]

1. d4 Nf6 2. c4 c5 3. d5 b5 4. Qc2 b4 5. a3 Na6 6. e4 d6 7. Bf4 Nh5 8. Bg5 g6 9. Be2 Nf6 10. h3 Bg7 11. Nf3 h6 12. Bf4 bxa3 13. Qa4+ Qd7 14. Qxd7+ Nxd7 15. Rxa3 Bxb2 16. Ra2 Bg7 17. O-O Nb4 18. Rd2 a5 19. Na3 Ba6 20. Nb5 Bxb5 21. cxb5 Nb6 22. Rfd1 Bc3 23. e5 Bxd2 24. Rxd2 N6xd5 25.
Bg3 dxe5 26. Bxe5 O-O 0-1

[Event "Early-Titled-Tuesday-Blitz-February-20-2024"]
[Site "Chess.com"]
[Date "2024.02.20"]
[Round "3"]
[White "LimeInTheCoconut"]
[Black "Boundless_Strike"]
[Result "0-1"]
[WhiteElo "2409"]
[BlackElo "2615"]
[TimeControl "180+1"]
[EndTime "8:26:42 PST"]
[Termination "Boundless_Strike won by resignation"]

1. e4 d5 2. Nc3 dxe4 3. Nxe4 Qd5 4. d3 Nc6 5. Nf3 Nf6 6. Nxf6+ gxf6 7. Be2 Rg8 8. g3 Bh3 9. Be3 O-O-O 10. Rg1 e5 11. Nd2 Bb4 12. Bf3 Bxd2+ 13. Bxd2 Qe6 14. Bc3 e4 15.
Be2 exd3 16. cxd3 Rge8 17. f3 Qe3 0-1

[Event "Early-Titled-Tuesday-Blitz-February-20-2024"]
[Site "Chess.com"]
[Date "2024.02.20"]
[Round "3"]
[White "ChessSwole"]
[Black "gpsji27"]
[Result "1-0"]
[WhiteElo "2678"]
[BlackElo "2302"]
[TimeControl "180+1"]
[EndTime "8:26:45 PST"]
[Termination "ChessSwole won by resignation"]

1. e4 e5 2. Nf3 Nc6 3. Nc3 Nf6 4.
Bb5 a6 5. Bxc6 dxc6 6. O-O Bd6 7.
d3 O-O 8. Ne2 Bg4 9. Ng3 Re8 10.
h3 Be6 11. Qe2 Bc5 12. Nh4 Bf8 13. Nhf5 g6 14. Ne3 h5 15. b3 h4 16. Nh1 Nh5 17. Bb2 Bg7 18. Qf3 Qg5 19. Kh2 Rad8 20.
g3 hxg3+ 21. fxg3 Bh6 22. Ng2 Ng7 23. Bc1 1-0

[Event "Early-Titled-Tuesday-Blitz-February-20-2024"]
[Site "Chess.com"]
[Date "2024.02.20"]
[Round "3"]
[White "AniJak"]
[Black "simonachess"]
[Result "1-0"]
[WhiteElo "2331"]
[BlackElo "2303"]
[TimeControl "180+1"]
[EndTime "8:26:45 PST"]
[Termination "AniJak won by resignation"]

1. e4 d6 2. d4 Nf6 3. Nc3 c6 4. f3 g6 5. Be3 Bg7 6. Qd2 h6 7. h4 b5 8. g4 b4 9. Nce2 a5 10. Ng3 Ba6 11. Bxa6 Nxa6 12. N1e2 Nc7 13. a3 bxa3 14. Rxa3 Nb5 15. Rd3 d5 16. e5 Nd7 17. b3 Nc7 18. Kf2 e6 19. h5 g5 20.
f4 f6 21. Kg2 fxe5 22. fxe5 O-O 23. c4 Qe7 24. Qc2 Ra7 25. Rdd1 Rb7 26. Rhf1 Rxf1 27. Rxf1 Qb4 28. Qg6 Qe7 29. Nf5 exf5 30. gxf5 Nf8 31. Qxc6 Ne8 32. f6 Qd7 33. f7+ Qxf7 34. Rxf7 Rxf7 35.
Qxe8 1-0

[Event "Early-Titled-Tuesday-Blitz-February-20-2024"]
[Site "Chess.com"]
[Date "2024.02.20"]
[Round "3"]
[White "OneTrickPony_82"]
[Black "Larina_Maria"]
[Result "1-0"]
[WhiteElo "2557"]
[BlackElo "2288"]
[TimeControl "180+1"]
[EndTime "8:26:46 PST"]
[Termination "OneTrickPony_82 won by resignation"]

1. d4 f5 2. Bf4 Nf6 3. e3 d6 4. Nc3 g6 5. h4 h6 6. Bc4 e6 7.
Nh3 a6 8. Qd2 b5 9. Bb3 Qe7 10.
f3 Bb7 11. O-O-O Nbd7 12. Bh2 O-O-O 13. Nf4 g5 14. Ng6 Qg7 15. Nxh8 Qxh8 16. hxg5 hxg5 17. Bxe6 Qg7 18. Bxf5 Kb8 19. e4 Nb6 20. b3 d5 21.
Be5 Ba3+ 22. Kb1 Bb4 23. Rh7 Qf8 24. Bxc7+ Ka7 25. Bxd8 Qxd8 26. Nxb5+ axb5 27. Rxb7+ Kxb7 28. Qxb4 dxe4 29. fxe4 Qc7 30. Qxb5 Ne8 31. e5 Ng7 32. Be4+ Kb8 33. Rf1 Ne6 34. c3 Nf4 35. Kb2 1-0

[Event "Early-Titled-Tuesday-Blitz-February-20-2024"]
[Site "Chess.com"]
[Date "2024.02.20"]
[Round "3"]
[White "tarno17"]
[Black "ahmedkandiliii"]
[Result "0-1"]
[WhiteElo "2132"]
[BlackElo "2535"]
[TimeControl "180+1"]
[EndTime "8:26:47 PST"]
[Termination "ahmedkandiliii won on time"]

1. e4 e5 2. Nf3 Nc6 3. Bb5 a6 4. Ba4 Nf6 5. O-O Nxe4 6. Re1 Nc5 7. Nxe5 Nxe5 8. Rxe5+ Be7 9. c3 Nxa4 10. Qxa4 O-O 11. d4 d5 12. Qc2 Bd6 13. Re3 Qh4 14. h3 Bd7 15. Nd2 Rae8 16. Nf3 Qh5 17. Qe2 Bf4 18. Rxe8 Rxe8 19. Be3 Bxh3 20. gxh3 Qxh3 21. Rd1 Re6 22. Rd3 Rg6+ 0-1

[Event "Early-Titled-Tuesday-Blitz-February-20-2024"]
[Site "Chess.com"]
[Date "2024.02.20"]
[Round "3"]
[White "ArchibaldCerveza29"]
[Black "Cubitas"]
[Result "1-0"]
[WhiteElo "2484"]
[BlackElo "2656"]
[TimeControl "180+1"]
[EndTime "8:26:50 PST"]
[Termination "ArchibaldCerveza29 won by resignation"]

1. e4 e6 2. d4 d5 3. Nd2 dxe4 4. Nxe4 Nf6 5. Bd3 Nbd7 6. Qe2 Nxe4 7. Bxe4 Nf6 8. Bxb7 Bxb7 9. Qb5+ Qd7 10. Qxb7 Rd8 11. Nf3 Nd5 12. O-O Bd6 13. c4 Nf6 14. Be3 O-O 15.
c5 Be7 16. Ne5 Qd5 17. Qxc7 Rfe8 18. Qxa7 Ne4 19. Qa6 Nxc5 20. dxc5 Qxe5 21. b4 Rb8 22. Qc4 Bd8 23. a4 Bc7 24. g3 g5 25. b5 Rec8 26.
Qd4 Qf5 27. Rad1 Qf3 28. Bxg5 Rd8 29. Bxd8 Rxd8 30. Qe3 Qg4 31. Rxd8+ Bxd8 32. Qf4 Bf6 33. Qxg4+ 1-0

[Event "Early-Titled-Tuesday-Blitz-February-20-2024"]
[Site "Chess.com"]
[Date "2024.02.20"]
[Round "3"]
[White "mr_gustavo"]
[Black "hansen"]
[Result "1-0"]
[WhiteElo "2733"]
[BlackElo "2916"]
[TimeControl "180+1"]
[EndTime "8:26:51 PST"]
[Termination "mr_gustavo won by resignation"]

1. e4 d6 2. d4 Nf6 3. Nc3 e5 4. Nge2 Be7 5. h3 O-O 6. g4 c6 7. Bg2 b5 8. O-O b4 9. Nb1 a5 10. Be3 Ba6 11. Re1 Nbd7 12. Ng3 g6 13. Nd2 Qc7 14. a3 bxa3 15. Rxa3 d5 16. Ra1 dxe4 17. Ndxe4 Nd5 18. Bh6 Rfe8 19. dxe5 Nxe5 20. b3 Bb4 21. c4 Nc3 22. Nf6+ Kh8 23. Nxe8 Rxe8 24. Qd4 f6 25. Kh1 Kg8 26. Ne4 Nxe4 27. Rxe4 Rd8 28. Qe3 Bd2 29. Qxd2 Rxd2 30. Bxd2 Qb6 31. Re3 Qd4 32.
Bc3 Qf4 33. Kg1 Bc8 34. Rxa5 Bd7 35. Ra8+ Kf7 36. Bxe5 fxe5 37. Rf3 1-0

[Event "Early-Titled-Tuesday-Blitz-February-20-2024"]
[Site "Chess.com"]
[Date "2024.02.20"]
[Round "3"]
[White "averageFM"]
[Black "mbojan"]
[Result "1-0"]
[WhiteElo "2617"]
[BlackElo "2855"]
[TimeControl "180+1"]
[EndTime "8:26:51 PST"]
[Termination "averageFM won by resignation"]

1. d4 Nf6 2. Nc3 d5 3. e4 Nxe4 4. Nxe4 dxe4 5. Be3 Bf5 6. g4 Bg6 7. Ne2 e6 8. h4 h6 9. Nf4 Bh7 10. g5 Bf5 11. g6 fxg6 12. Rg1 Kf7 13. Bc4 c6 14.
Rxg6 Bxg6 15. Qg4 Qf6 16. Bxe6+ Ke8 17. Nxg6 h5 18. Qxe4 Rh6 19. Bxh6 gxh6 20. Bc8+ Kd8 21. Bxb7 Bc5 22. dxc5 Nd7 23. Bxa8 Qxb2 24. Rd1 Qb4+ 25. Qxb4 1-0